 Dungeon Crawl Stone Soup version 0.31-a0-986-g5e6e4ef867 (webtiles) character file.

Game seed: 8804124383991293047

25972 Naiya55 the Severer (level 13, -7/104 HPs)
             Began as a Formicid Fighter on Nov 4, 2023.
             Was a High Priest of Okawaru.
             Mangled by a very large slime creature (44 damage)
             ... on level 12 of the Dungeon.
             The game lasted 00:29:56 (12334 turns).

Naiya55 the Severer (Formicid Fighter)             Turns: 12334, Time: 00:29:57

Health: -7/104     AC: 16    Str: 32    XL:     13   Next: 54%
Magic:  19/19      EV:  8    Int:  8    God:    Okawaru [*****.]
Gold:   610        SH: 11    Dex: 13    Spells: 12/12 levels left

rFire   . . .        t - +0 battleaxe
rCold   . . .        c - +0 buckler
rNeg    . . .        H - +0 plate armour
rPois   .            (helmet unavailable)
rElec   .            B - +0 cloak
rCorr   .            d - +0 pair of gloves
SInv    +            (no boots)
Will    +....        m - amulet of reflection Stlth
                     l - +6 ring of strength
HPRegen 0.37/turn    y - +4 ring of slaying
MPRegen 0.16/turn

%: reflection
@: no status effects
A: permanent stasis, dig shafts and tunnels, antennae 3, four strong arms
a: Dig, Shaft Self, Renounce Religion, Heroism, Finesse, Duel


You were on level 12 of the Dungeon.
You worshipped Okawaru.
Okawaru was extremely pleased with you.
You visited 1 branch of the dungeon, and saw 12 of its levels.

You collected 610 gold pieces.

Inventory:

Hand Weapons
 t - a +0 battleaxe (weapon)
 u - a +0 morningstar
 E - a +3 dire flail
Missiles
 q - 3 throwing nets
 Q - a silver javelin
 U - 2 datura-tipped darts
Armour
 c - a +0 buckler (worn)
 d - a +0 pair of gloves (worn)
 B - a +0 cloak (worn)
 H - a +0 plate armour (worn)
Jewellery
 l - a +6 ring of strength (left hand)
 m - an amulet of reflection (around neck)
 s - a +6 ring of dexterity
 v - a +6 ring of strength
 w - a ring of fire
 y - a +4 ring of slaying (right hand)
 C - a ring of protection from fire
 M - a ring of magical power
 S - a +6 ring of strength
 T - an amulet of guardian spirit
Wands
 f - a wand of iceblast (11)
 F - a wand of mindburst (14)
 K - a wand of acid (11)
 R - a wand of digging (7)
Scrolls
 e - 2 scrolls of immolation {unknown}
 g - 2 scrolls of amnesia {unknown}
 h - 7 scrolls of teleportation {unknown}
 i - a scroll of fear {unknown}
 x - a scroll of enchant weapon {unknown}
 A - a scroll of vulnerability {unknown}
 G - 3 scrolls of revelation {unknown}
 I - 3 scrolls of fog {unknown}
 L - 2 scrolls of enchant armour {unknown}
 N - a scroll of identify
 O - 2 scrolls of blinking {unknown}
 P - a scroll of noise {unknown}
Potions
 a - 3 potions of brilliance
 b - 2 potions of lignification
 j - 2 potions of cancellation
 k - 2 potions of attraction
 n - 5 potions of curing
 o - 3 potions of heal wounds
 p - a potion of magic
 r - 3 potions of enlightenment
 z - 2 potions of berserk rage
 D - 3 potions of mutation
 J - a potion of haste {unknown}


   Skills:
 + Level 10.5 Fighting
 * Level 16.2 Axes
 - Level 8.4 Armour
 - Level 10.0 Shields
 - Level 9.0 Invocations


You had 12 spell levels left.
You didn't know any spells.
Your spell library contained the following spells:

 Spells                   Type           Power      Damage    Failure   Level
 Apportation              Tloc           0%         N/A       98%         1
 Foxfire                  Conj/Fire      0%         2x1d4     98%         1
 Kiss of Death            Conj/Necr      0%         2d5       98%         1
 Magic Dart               Conj           0%         1d3       98%         1
 Shock                    Conj/Air       0%         1d3       98%         1
 Jinxbite                 Hex            0%         N/A       99%         2
 Poisonous Vapours        Pois/Air       0%         N/A       99%         2
 Confusing Touch          Hex            0%         N/A       100%        3
 Hailstorm                Conj/Ice       0%         3d3       100%        3
 Ignite Poison            Fire/Tmut/Pois 0%         N/A       100%        3
 Mephitic Cloud           Conj/Pois/Air  0%         N/A       100%        3
 Volatile Blastmotes      Fire/Tloc      0%         2d10      100%        3
 Airstrike                Air            0%         2d(0-16)  100%        4
 Dispel Undead            Necr           0%         3d6       100%        4
 Fulminant Prism          Conj/Hex       0%         3d5       100%        4
 Iskenderun's Mystic Bla  Conj/Tloc      0%         2d3       100%        4
 Manifold Assault         Tloc           0%         N/A       100%        4
 Sticky Flame             Conj/Fire      0%         2d3       100%        4
 Alistair's Intoxication  Tmut/Pois      0%         N/A       100%        5
 Freezing Cloud           Conj/Ice/Air   0%         6-21      100%        5
 Dispersal                Tloc           0%         N/A       100%        6
 Plasma Beam              Fire/Air       0%         2x1d10    100%        6
 Starburst                Conj/Fire      0%         6d3       100%        6
 Disjunction              Tloc           0%         N/A       100%        8
 Ignition                 Fire           0%         3d3       100%        8
 Call Imp                 Summ           Unusable   N/A       N/A         2
 Swiftness                Air            Unusable   N/A       N/A         3
 Summon Ice Beast         Ice/Summ       Unusable   N/A       N/A         4
 Simulacrum               Ice/Necr       Unusable   N/A       N/A         6

Dungeon Overview and Level Annotations

Branches:
Dungeon (12/15)            Temple (0/1) D:6            Lair (0/5) D:10
    Orc (0/2) D:11

Altars:
Cheibriados
Dithmenos
Elyvilon
Gozag
Kikubaaqudgha
Okawaru
Sif Muna
Trog
Wu Jian

Shops:
D:1 (   D:6 :   D:9 ?

Annotations:
D:6 3 runed translucent doors, PowderKeg's ghost, novice VSNe; horus123's ghost, novice HuFi


Innate Abilities, Weirdness & Mutations

You cannot be hasted, slowed, berserked, paralysed or teleported.
You can dig through walls and to a lower floor.
You have a pair of large antennae on your head. (SInv)
Your four strong arms can wield two-handed weapons with a shield.


Message History

The very large slime creature is lightly wounded.
You block the very large slime creature's attack.
You hit the very large slime creature.
The very large slime creature is lightly wounded.
You block the very large slime creature's attack.
You barely miss the very large slime creature.
The very large slime creature is lightly wounded.
You block the very large slime creature's attack.
The very large slime creature attacks as it pursues you!
The very large slime creature hits you!!
The very large slime creature attacks as it pursues you!
The very large slime creature hits you.
The very large slime creature attacks as it pursues you!
You block the very large slime creature's attack.
The very large slime creature attacks as it pursues you!
You block the very large slime creature's attack.
You slice the very large slime creature!!
The very large slime creature is moderately wounded.
You barely miss the very large slime creature.
The very large slime creature is moderately wounded.
You block the very large slime creature's attack.
You slash the very large slime creature!
The very large slime creature is moderately wounded.
You block the very large slime creature's attack.
You slice the very large slime creature!!
The very large slime creature is heavily wounded.
You block the very large slime creature's attack.
You slash the very large slime creature!
The very large slime creature is heavily wounded.
The very large slime creature hits you!!!
You hit the very large slime creature.
The very large slime creature is heavily wounded.
The very large slime creature hits you!
The very large slime creature attacks as it pursues you!
You block the very large slime creature's attack.
There is an open door here.
Why would you want to do that?
The very large slime creature attacks as it pursues you!
The very large slime creature hits you!!!
You die...

..........#...........#
........###...........#
........# #########'###
####.#### ####..#
#≈≈~..≈≈# ###....##
#≈~...†≈#####..≈.#.#
#......~#.......#≈'#####
..........#..#..≈#≈<...#
#~......#...≈#÷.@≈#....#
#~....~~#.#.≈#...J.≈...#
#~~~.~≈≈#.#.≈#.........#
####.######.≈#####.....#
..... ##≈≈≈≈≈..#'###
##### ##.....#..# #
#######.## # #.#
###########.#


You could see a very large slime creature.

Vanquished Creatures
  Erolcha (D:11)
  Harold (D:11)
  A boulder beetle (D:11)
  2 two-headed ogres
  A skeletal warrior (D:10)
  Pikel (D:5)
  An arcanist (D:11)
  3 cyclopes
  3 ugly things
  A manticore (D:12)
  A gargoyle (D:10)
  2 rime drakes (D:12)
  3 unseen horrors
  2 komodo dragons
  4 polar bears (D:12)
  A hornet (D:8)
  2 trolls
  9 slime creatures
  2 wyverns
  17 yaks
  A centaur simulacrum (D:12)
  A vampire (D:7)
  3 wraiths
  A shadow (D:10)
  2 steam dragons
  3 vampire mosquitoes (D:10)
  2 acid dragons
  2 water moccasins
  2 black bears
  5 orc warriors
  5 ice beasts
  A sky beast (D:6)
  An ogre (D:5)
  A wolf (D:12)
  10 centaurs
  3 lemures
  The ghost of osoart the Changeling, an amateur OpSh (D:5)
  2 phantoms
  2 kobold brigands
  4 bullfrogs
  A gnoll sergeant (D:9)
  6 scorpions
  6 wights
  12 killer bees
  4 howler monkeys
  2 electric eels (D:12)
  A bullfrog zombie (D:5)
  2 hounds
  3 jellies (D:6)
  A bullfrog skeleton (D:5)
  4 gnoll boudas
  9 orc priests
  2 sleepcaps
  2 iguanas
  7 orc wizards
  14 gnolls
  A howler monkey skeleton (D:5)
  8 adders
  A shadow imp (D:7)
  6 white imps
  2 ufetubi (D:6)
  2 worms
  2 dart slugs (D:5)
  38 orcs
  7 endoplasms
  5 goblins
  9 hobgoblins
  8 jackals
  4 quokkas
  5 ball pythons
  10 bats
  7 frilled lizards
  16 kobolds
  A rat (D:3)
  A spectral goblin (D:2)
319 creatures vanquished.

Notes
Turn   | Place    | Note
-------+----------+-------------------------------------------
     0 | D:1      | Naiya55 the Formicid Fighter began the quest for the Orb.
     0 | D:1      | Reached XP level 1. HP: 18/18 MP: 1/1
    43 | D:1      | Reached XP level 2. HP: 18/24 MP: 2/2
   242 | D:1      | Reached XP level 3. HP: 27/30 MP: 3/3
   300 | D:1      | Reached skill level 3 in Axes
   343 | D:1      | Found Qiymarr's Antique Weapon Emporium.
   763 | D:2      | Found a faded altar of an unknown god.
  1317 | D:3      | Reached XP level 4. HP: 36/37 MP: 4/4
  1410 | D:3      | Noticed an ice beast
  1416 | D:3      | Killed an ice beast
  1417 | D:3      | Reached skill level 4 in Axes
  1417 | D:3      | Reached XP level 5. HP: 43/43 MP: 5/5
  1491 | D:3      | Reached XP level 6. HP: 44/49 MP: 6/6
  1637 | D:3      | Found a white marble altar of Elyvilon.
  1637 | D:3      | Found a shadowy altar of Dithmenos.
  1834 | D:3      | Found a snail-covered altar of Cheibriados.
  1980 | D:4      | Reached skill level 5 in Axes
  2021 | D:4      | Reached skill level 5 in Fighting
  2142 | D:4      | Reached XP level 7. HP: 20/56 MP: 7/7
  2288 | D:4      | Reached skill level 6 in Axes
  2445 | D:4      | Found a shimmering blue altar of Sif Muna.
  3042 | D:5      | Entered Level 5 of the Dungeon
  3067 | D:5      | Reached XP level 8. HP: 64/64 MP: 8/8
  3070 | D:5      | Reached skill level 7 in Axes
  3129 | D:5      | Found a runed translucent gate.
  3129 | D:5      | Found a runed translucent gate.
  3129 | D:5      | Found a runed translucent gate.
  3255 | D:5      | Noticed osoart's ghost (amateur OpSh)
  3475 | D:5      | Found an iron altar of Okawaru.
  3491 | D:5      | Became a worshipper of Warmaster Okawaru
  3625 | D:5      | Reached skill level 8 in Axes
  3822 | D:6      | Noticed Pikel
  3862 | D:5      | Killed Pikel
  3862 | D:5      | Reached * piety under Okawaru
  3863 | D:5      | Reached skill level 9 in Axes
  3863 | D:5      | Reached skill level 5 in Shields
  3863 | D:5      | Reached XP level 9. HP: 66/71 MP: 9/9
  3897 | D:6      | Found a runed translucent gate.
  3897 | D:6      | Found a runed translucent gate.
  3897 | D:6      | Found a runed translucent gate.
  3903 | D:6      | Noticed PowderKeg's ghost (novice VSNe)
  3903 | D:6      | Noticed horus123's ghost (novice HuFi)
  3916 | D:6      | Reached ** piety under Okawaru
  3957 | D:6      | Reached skill level 5 in Armour
  4171 | D:6      | Reached skill level 1 in Invocations
  4302 | D:6      | Reached skill level 10 in Axes
  4393 | D:6      | Found Wyreij's Book Emporium.
  4581 | D:6      | Found a staircase to the Ecumenical Temple.
  4712 | D:5      | Killed osoart's ghost
  4713 | D:5      | Reached XP level 10. HP: 72/77 MP: 12/12
  4927 | D:7      | Reached *** piety under Okawaru
  5077 | D:7      | Noticed an unseen horror
  5084 | D:7      | Killed an unseen horror
  5157 | D:7      | Reached skill level 11 in Axes
  5262 | D:7      | Found an ornate altar of the Wu Jian Council.
  5280 | D:7      | Identified the +12 short sword of Xeuwoin {protect, +Blink
                  | Will+}
  5827 | D:7      | Found an opulent altar of Gozag.
  5828 | D:7      | Found a bloodstained altar of Trog.
  5916 | D:7      | Reached skill level 15 in Axes
  5916 | D:7      | Reached XP level 11. HP: 86/86 MP: 13/13
  6563 | D:8      | Reached **** piety under Okawaru
  7345 | D:9      | Reached skill level 5 in Invocations
  7639 | D:9      | Found Ysefajir's Magic Scroll Emporium.
  7921 | D:9      | Noticed a two-headed ogre
  7968 | D:9      | Killed a two-headed ogre
  8378 | D:10     | Entered Level 10 of the Dungeon
  8519 | D:10     | Noticed a skeletal warrior
  8519 | D:10     | Noticed a cyclops
  8538 | D:10     | Killed a skeletal warrior
  8539 | D:10     | Reached XP level 12. HP: 77/95 MP: 9/17
  8735 | D:10     | Found an ancient bone altar of Kikubaaqudgha.
  9243 | D:10     | Found a staircase to the Lair.
  9345 | D:10     | Reached ***** piety under Okawaru
  9595 | D:11     | Noticed a boulder beetle
  9611 | D:11     | Killed a boulder beetle
  9652 | D:11     | Noticed Erolcha
  9670 | D:11     | Killed Erolcha
  9791 | D:11     | Identified the maw talisman of Winter {Dex+8}
  9870 | D:11     | Noticed Harold
  9895 | D:11     | Killed Harold
  9895 | D:11     | Received a gift from Okawaru
 10648 | D:11     | Found a staircase to the Orcish Mines.
 10665 | D:11     | Noticed a two-headed ogre
 10676 | D:11     | Killed a two-headed ogre
 10677 | D:11     | Reached skill level 10 in Shields
 10677 | D:11     | Reached XP level 13. HP: 60/101 MP: 17/19
 11388 | D:12     | Reached skill level 10 in Fighting
 11953 | D:12     | Reached skill level 16 in Axes
 12054 | D:12     | Received a gift from Okawaru
 12334 | D:12     | Mangled by a very large slime creature

Illustrated notes

Levels and vault maps discovered:
D:1:      spicycebolla_arrival_risky_transporter, layout_basic, serial_shops,
          shop_fountains
D:2:      minmay_alternating_diamond, layout_loops_ring,
          dreamdust_ecumenical_altar_drowned_temple
D:3:      layout_basic, mainiacjoe_overflow_alcove_4,
          nicolae_overflow_two_pavilions, corexii_item_surrounded_by_moat,
          corner_web_ring, minmay_bisected
D:4:      layout_basic, minmay_ruined_shrine
D:5:      layout_rooms, okawaru_altar_gauntlet_db, gammafunk_ghost_necromancy
D:6:      old_forge, layout_rooms, minmay_temple_entry_nine_rooms,
          gammafunk_ghost_cemetery, serial_shops, shop, uniq_pikel
D:7:      layout_basic, nzn_wu_jian_contemplation,
          chequers_temple_overflow_statue_of_worship, eino_tiny_chamber,
          minmay_stone_trees_medium
D:8:      layout_basic
D:9:      layout_loops_ring, serial_shops, shop, chequers_serial_rivers_micro_d
D:10:     kennysheep_blocky_room, layout_loops_corners,
          mainiacjoe_overflow_boulevard
D:11:     layout_small_grid, orc_0_dummy, uniq_erolcha, uniq_harold
D:12:     layout_roguey, serial_ice, serial_ice_n, serial_ice_g, serial_ice_l,
          serial_ice_m, serial_ice_c, serial_ice_d, serial_ice_b, serial_ice_a,
          portal_ice_cave_rime

Skill      XL: |  1  2  3  4  5  6  7  8  9 10 11 12 13 |
---------------+----------------------------------------+-----
Axes           | 3 4 5 6 9 10 15 16 | 16.2
Fighting       | 4 5 6 7 9 10 | 10.5
Armour         | 4 5 8 |  8.4
Shields        | 5 6 10 | 10.0
Invocations    | 3 7 9 |  9.0

Action                     |  1- 3 |  4- 6 |  7- 9 | 10-12 | 13-15 || total
---------------------------+-------+-------+-------+-------+-------++-------
  Melee: War axe           |   104 |   108 |   223 |    63 |       ||   498
         Battleaxe         |       |       |       |   293 |   169 ||   462
 Invoke: Heroism           |       |       |       |     6 |     1 ||     7
         Finesse           |       |       |       |     2 |       ||     2
    Use: Potion            |       |     1 |       |     3 |     1 ||     5
         Scroll            |       |       |     7 |     5 |       ||    12
 Armour: Scale mail        |    77 |    46 |    27 |       |       ||   150
         Chain mail        |       |       |    79 |    55 |       ||   134
         Plate armour      |       |       |       |   154 |   145 ||   299
  Dodge: Dodged            |    53 |    43 |    59 |    89 |    61 ||   305
  Block: Buckler           |    30 |    60 |   104 |   154 |   116 ||   464
         Reflection        |       |       |     1 |     4 |    12 ||    17

Table legend: (Time is in decaauts)
 A = Elapsed time spent in this place.
 B = Non-inter-level travel time spent in this place.
 C = Inter-level travel time spent in this place.
 D = Time resting spent in this place.
 E = Time spent auto-exploring this place.
 F = Levels seen in this place.
 G = Mean time per level.
                   A        B        C        D        E       F      G
               +--------+--------+--------+--------+--------+-----+--------+
         Total |  12384 |  11970 |    414 |   1347 |   7652 |  12 | 1032.0 |
       Dungeon |  12384 |  11970 |    414 |   1347 |   7652 |  12 | 1032.0 |
               +--------+--------+--------+--------+--------+-----+--------+

Top non-repeatable levels by time:
    D:10: 1407 daAuts
    D:11: 1389 daAuts
     D:7: 1339 daAuts
     D:9: 1241 daAuts
    D:12: 1118 daAuts
     D:4: 1116 daAuts
     D:8: 1027 daAuts
     D:6: 974 daAuts
     D:5: 762 daAuts
     D:2: 759 daAuts
     D:3: 656 daAuts
     D:1: 591 daAuts
